Map: Daybreak LE (Void)

Players

Gorod - Winner!

  • Race: Zerg Zerg
  • League: Diamond
  • Spawn Location: 1:00

forQQ

  • Race: Terran Terran
  • League: Diamond
  • Spawn Location: 7:00

VOD

Have the link to the VOD?

Description

Time

  • Played on: Dec. 19, 2016, 8:17 a.m.
  • Length: 8:17
Show
View Real Time Build Order
Export as new Build Order

Gorod Zerg - Winner!

Build Orders: Hatch First 

Get SALT Encoding   

  12  0:06  Drone  
  13  0:08  Drone  
  14  0:18  Extractor  
  14  0:19  Drone  
  15  0:41  Hatchery  
  14  0:46  Extractor  
  14  0:47  Drone  
  15  1:01  Spawning Pool  
  14  1:12  Extractor  
  14  1:13  Drone, Extractor  
  14  1:14  Drone  
  14  1:30  Overlord  
  16  1:48  Queen  
  16  1:50  Drone  
  16  1:51  Drone x2  
  21  2:00  Drone  
  24  2:03  Drone  
  25  2:08  Extractor  
  24  2:18  Overlord  
  24  2:21  Roach Warren  
  21  2:36  Queen, Drone x3  
  21  2:37  Drone  
  27  2:43  Zergling x2  
  28  2:53  Overlord  
  28  2:54  Overlord  
  28  3:14  Roach x4  
  28  3:19  Queen  
  37  3:31  Roach x2  
  41  3:36  Drone x3  
  44  3:54  Overlord  
  44  3:56  Extractor  
  42  4:09  Drone  
  43  4:10  Overlord  
  43  4:12  Overlord x2  
  43  4:14  Roach  
  43  4:15  Roach  
  45  4:28  Zergling x2  
  45  4:29  Zergling x4  
  45  4:31  Metabolic Boost  
  38  5:03  Lair  
  38  5:05  Roach x4  
  38  5:06  Zergling x6  
  38  5:07  Zergling x2  
  50  5:23  Roach x5  
  50  5:28  Drone x2  
  62  5:29  Drone, Extractor  
  62  5:33  Drone  
  63  5:44  Roach x2  
  63  5:46  Zergling x2  
  68  5:56  Roach  
  74  5:57  Roach x2  
  74  6:02  Overlord  
  74  6:08  Overlord  
  74  6:15  Zergling x4  
  76  6:21  Ravager x3  
  76  6:24  Overlord  
  74  6:52  Zergling x2  
  74  6:53  Zergling x18  
  73  7:22  Roach x6  
Show
View Real Time Build Order
Export as new Build Order

forQQ Terran 

Build Orders:  

Get SALT Encoding   

  12  0:00  SCV  
  13  0:13  SCV  
  14  0:18  Supply Depot  
  14  0:25  SCV  
  15  0:39  SCV  
  15  0:40  Barracks  
  16  0:46  Refinery  
  16  0:51  SCV  
  16  0:55  Refinery  
  17  1:03  SCV  
  18  1:15  SCV  
  19  1:28  Marine  
  19  1:29  Supply Depot  
  19  1:32  Orbital Command  
  20  1:47  Factory  
  20  1:49  Marine  
  21  1:58  SCV  
  22  2:09  Marine  
  23  2:27  Marine  
  23  2:29  SCV  
  25  2:33  Factory, Factory Reactor  
  25  2:41  SCV, Supply Depot  
  26  2:44  Supply Depot  
  26  2:45  Marine  
  27  2:53  SCV  
  28  3:15  Marine  
  28  3:19  Cyclone  
  35  3:20  Cyclone x2  
  38  3:30  Supply Depot  
  38  3:43  SCV  
  39  3:52  Cyclone x2  
  39  3:53  Supply Depot  
  45  3:57  Cyclone  
  48  4:19  Marine  
  48  4:24  Hellion, Cyclone  
  50  4:37  Marine  
  43  4:47  Cyclone  
  43  4:48  Cyclone  
  46  4:55  Marine  
  47  5:02  Barracks  
  47  5:03  Barracks  
  47  5:13  Marine  
  48  5:15  Cyclone  
  48  5:20  Hellion x2  
  55  5:32  Marine  
  56  5:41  Hellion, Cyclone  
  61  5:49  Marine  
  61  5:51  Marine  
  63  6:00  Supply Depot  
  63  6:03  Supply Depot  
  63  6:22  Marine x3, Cyclone  
  69  6:39  Marine x2  
  53  7:05  Cyclone  
  53  7:06  Cyclone x2  
  41  7:21  Barracks Reactor x2, Barracks Tech Lab  
  32  7:45  Marine  
Tags
 
Add a new tag
Caveats
  • Supply blocks, unpowered buildings, or Contaminate may cause inaccurate times.
  • Supply counts are checked every 10 seconds.